 Dungeon Sprint DCSS version 0.18-a0-1026-ge317a7f (webtiles) character file.

213205 smeego the Skullcrusher (level 16, -7/177 HPs)
             Began as a Minotaur Fighter on Jan 8, 2016.
             Was the Champion of Zin.
             Mangled by smeego's illusion (46 damage)
             ... woven by Mara
             ... in the Dungeon (Sprint IX: "|||||||||||||||||||||||||||||").
             The game lasted 00:21:11 (7295 turns).

smeego the Skullcrusher (Minotaur Fighter)          Turns: 7295, Time: 00:21:11

Health: -7/177     AC: 36    Str: 39    XL:     16   Next: 96%
Magic:  20/31      EV: 15    Int:  5    God:    Zin [******]
Gold:   1704       SH: 28    Dex: 10    Spells: 0 memorised, 15 levels left

rFire  + . .     SeeInvis .     o - +2 morningstar (protect)
rCold  . . .     Gourm    .     H - +3 plate armour {rN+}
rNeg   + . .     Faith    .     b - +0 large shield
rPois  .         Spirit   .     (helmet restricted)
rElec  .         Dismiss  .     G - +1 cloak
rCorr  .         Reflect  .     q - +0 pair of gloves
SustAt .         Harm     .     p - +0 pair of boots
MR     +....     NoTele   +     y - amulet of regeneration
Stlth  ..........               F - ring of protection from fire
                                J - +6 ring of strength

@: mighty, somewhat resistant to hostile enchantments, extremely unstealthy
A: retaliatory headbutt, horns 2
a: Recite, Vitalisation, Imprison, Sanctuary, Donate Gold, Cure All Mutations,
Renounce Religion
}: 4/15 runes: decaying, serpentine, silver, gossamer


You were in the Dungeon.
You worshipped Zin.
Zin was exalted by your worship.
You were not hungry.

You visited 1 branch You collected 1883 gold pieces.
You spent 155 gold pieces at shops.
You donated 24 gold pieces to Zin.

Inventory:

Hand Weapons
 o - a +2 morningstar of protection (weapon)
Armour
 b - a +0 large shield (worn)
 p - a +0 pair of boots (worn)
 q - a +0 pair of gloves (worn)
 G - a +1 cloak (worn)
 H - a +3 plate armour of positive energy (worn)
Jewellery
 c - an uncursed amulet of faith {unknown}
 g - an uncursed ring of poison resistance {unknown}
 y - an amulet of regeneration (around neck)
 F - a ring of protection from fire (right hand)
 I - a +4 ring of protection
 J - a +6 ring of strength (left hand)
Wands
 n - a wand of cold (3/15)
Scrolls
 k - a scroll of blinking
 l - 7 scrolls of remove curse
 m - 3 scrolls of amnesia
 v - 7 scrolls of enchant armour
 w - 2 scrolls of fear
 A - a scroll of fog
 B - 3 scrolls of identify
 L - a scroll of recharging
Potions
 d - 2 potions of brilliance
 e - a potion of curing
 h - 3 potions of haste
 i - 3 potions of magic
 j - a potion of invisibility
 r - a potion of berserk rage
 s - 3 potions of cure mutation
 t - 2 potions of resistance
 u - 3 potions of agility
Comestibles
 f - 9 bread rations
 x - 40 fruits
 z - 10 meat rations


   Skills:
 + Level 24.6 Fighting
 O Level 27 Maces & Flails
 * Level 23.8 Armour
 + Level 13.0 Dodging
 - Level 4.6 Stealth
 + Level 25.0 Shields
 * Level 24.3 Invocations
 - Level 4.4 Evocations


You had 15 spell levels left.
You didn't know any spells.

Dungeon Overview and Level Annotations

Branches:
Dungeon (1/1)

Altars:
Cheibriados
Dithmenos
Elyvilon
Fedhas
Gozag
Kikubaaqudgha
Makhleb
Nemelex Xobeh
Okawaru
Pakellas
Qazlal
Ru
Sif Muna
Trog
Vehumet
Xom
Yredelemnul
Zin
The Shining One
Beogh
Jiyva
Lugonu

Shops:
D (**(

Annotations:
D Mara


Innate Abilities, Weirdness & Mutations

You reflexively headbutt those who attack you in melee.
You have a pair of horns on your head.


Message History

You closely miss smeego's illusion.
Smeego's illusion is moderately wounded.
You block smeego's illusion's attack. Mara closely misses you.
You hit smeego's illusion. Your headbutt misses smeego's illusion.
Smeego's illusion is moderately wounded.
You block smeego's illusion's attack. You block Mara's attack.
You hit smeego's illusion.
Smeego's illusion is moderately wounded.
Smeego's illusion hits you but does no damage.
You hit smeego's illusion but do no damage.
Smeego's illusion is moderately wounded.
You block Mara's attack.
You closely miss smeego's illusion.
Smeego's illusion is moderately wounded.
You block smeego's illusion's attack.
You flatten smeego's illusion like a pancake!!!
You headbutt smeego's illusion, but do no damage.
Smeego's illusion is severely wounded.
You block Mara's attack. Smeego's illusion hits you!!!
You die...

▓▓▓▓▓▓▓▓▓▓▓▓▓▓▓▓▓▓▓▓▓▓
.......)RR#...@@R....▓
▓▓▓▓▓▓▓▓▓▓▓▓▓▓▓▓▓▓▓▓▓▓)▓
).†))..[(.(.(.}.)|)'...▓
▓▓▓▓▓▓▓▓▓▓▓▓▓▓▓▓▓▓▓▓▓▓▓▓
.......................▓
♣♣♣♣▓▓▓▓▓▓▓▓▓▓▓▓▓▓▓▓▓▓.▓
.†..'.............'....▓
♣♣♣♣▓▓▓▓▓▓▓▓▓▓▓▓▓▓▓▓▓▓▓▓
.......................▓


You could see Mara (inner flame) and smeego's illusion.

Vanquished Creatures
  Frederick (D)
  Margery (D)
  Norris (D)
  Nikola (D)
  A lich (D)
  Frances (D)
  A fire giant (D)
  6 shadow dragons (D)
  6 greater nagas (D)
  Ilsuiw (D)
  7 emperor scorpions (D)
  2 frost giants (D)
  2 ghost moths (D)
  Aizul (D)
  2 vault wardens (D)
  2 ironheart preservers (D)
  7 stone giants (D)
  3 very ugly things (D)
  A war gargoyle (D)
  A salamander stormcaller (D)
  A spark wasp (D)
  2 merfolk javelineers (D)
  4 merfolk impalers (D)
  25 vault guards (D)
  3 ettins (D)
  2 fire dragons (D)
  2 yaktaur captains (D)
  2 great orbs of eyes (D)
  An ice dragon (D)
  3 hydras (D)
  3 naga warriors (D)
  Erolcha (D)
  4 centaur warriors (D)
  A ghost crab (D)
  2 entropy weavers (D)
  6 merfolk aquamancers (D)
  3 merfolk avatars (D)
  7 ogre magi (D)
  An anaconda (D)
  A deep troll shaman (D)
  6 hell knights (D)
  A naga sharpshooter (D)
  A fire crab (D)
  A deep elf knight (D)
  8 swamp dragons (D)
  4 deep trolls (D)
  2 giant orange brains (D)
  5 hill giants (D)
  2 ironbrand convokers (D)
  2 lindwurms (D)
  3 orc knights (D)
  3 ugly things (D)
  A necromancer (D)
  5 wolf spiders (D)
  A griffon (shapeshifter) (D)
  A hornet (D)
  A water nymph (D)
  A cyclops (D)
  2 manticores (D)
  2 moths of wrath (D)
  3 black mambas (D)
  A guardian serpent (D)
  2 vault sentinels (D)
  A siren (D)
  2 naga magi (D)
  7 spiny frogs (D)
  A demonic crawler (D)
  3 yaktaurs (D)
  A komodo dragon (D)
  A freezing wraith (D)
  5 trolls (D)
  A merfolk (D)
  3 giant leeches (D)
  A slime creature (D)
  2 boulder beetles (D)
  4 bog bodies (D)
  2 trapdoor spiders (D)
  A tarantella (D)
  2 redbacks (D)
  A wraith (D)
  A yak (D)
  A basilisk (D)
  Grum (D)
  3 hippogriffs (D)
  2 vampire mosquitoes (D)
  6 nagas (D)
  4 wolves (D)
  A porcupine (D)
  A swamp drake (D)
  10 orc warriors (D)
  A boggart (D)
  A centaur (D)
  3 crocodiles (D)
  2 giant frogs (D)
  A wight (D)
  A killer bee (D)
  3 crimson imps (D)
  3 orc priests (D)
  A hound (D)
  2 iguanas (D)
  An orc wizard (D)
  A sheep (D)
  2 adders (D)
  A river rat (D)
  An adder skeleton (D)
  4 worms (D)
  8 orcs (D)
  A ball python (D)
  A giant cockroach (D)
  A goblin (D)
  A giant gecko skeleton (D)
  2 kobolds (D)
  2 rats (D)
292 creatures vanquished.

Vanquished Creatures (others)
  A merfolk javelineer (D)
  A yaktaur captain (D)
  A swamp drake (D)
  3 pillars of salt (D)
6 creatures vanquished.

Grand Total: 298 creatures vanquished

Notes
Turn   | Place    | Note
--------------------------------------------------------------
     0 | D        | smeego the Minotaur Fighter began the quest for the Orb.
     0 | D        | Reached XP level 1. HP: 19/19 MP: 0/0
     6 | D        | Reached skill level 4 in Armour
   116 | D        | Noticed a crimson imp
   116 | D        | Noticed a crimson imp
   122 | D        | Reached XP level 2. HP: 28/28 MP: 1/1
   124 | D        | Killed a crimson imp
   124 | D        | Reached skill level 5 in Fighting
   124 | D        | Reached skill level 5 in Armour
   124 | D        | Reached skill level 5 in Shields
   124 | D        | Reached XP level 3. HP: 34/37 MP: 2/2
   131 | D        | Reached skill level 6 in Fighting
   131 | D        | Reached XP level 4. HP: 39/45 MP: 3/3
   141 | D        | Found a glowing silver altar of Zin.
   141 | D        | Found a glowing golden altar of the Shining One.
   141 | D        | Found an ancient bone altar of Kikubaaqudgha.
   141 | D        | Found a basalt altar of Yredelemnul.
   141 | D        | Found a shimmering altar of Xom.
   141 | D        | Found a radiant altar of Vehumet.
   142 | D        | Found an iron altar of Okawaru.
   143 | D        | Found a burning altar of Makhleb.
   144 | D        | Became a worshipper of Zin the Law-Giver
   145 | D        | Found a deep blue altar of Sif Muna.
   146 | D        | Found a bloodstained altar of Trog.
   147 | D        | Found a sparkling altar of Nemelex Xobeh.
   148 | D        | Found a white marble altar of Elyvilon.
   149 | D        | Found a roughly hewn altar of Beogh.
   150 | D        | Found a viscous altar of Jiyva.
   151 | D        | Found a corrupted altar of Lugonu.
   152 | D        | Found a blossoming altar of Fedhas.
   153 | D        | Found a snail-covered altar of Cheibriados.
   154 | D        | Found a shadowy altar of Dithmenos.
   155 | D        | Found a stormy altar of Qazlal.
   156 | D        | Found an opulent altar of Gozag.
   157 | D        | Found a sacrificial altar of Ru.
   158 | D        | Found an oddly glowing altar of Pakellas.
   212 | D        | Noticed a wraith
   214 | D        | Reached skill level 7 in Fighting
   215 | D        | Reached XP level 5. HP: 45/53 MP: 4/4
   217 | D        | Reached skill level 1 in Dodging
   222 | D        | Killed a wraith
   222 | D        | Reached skill level 9 in Fighting
   222 | D        | Reached XP level 6. HP: 47/64 MP: 5/5
   242 | D        | Noticed a hill giant
   242 | D        | Noticed a centaur warrior
   242 | D        | Noticed a hill giant
   253 | D        | Killed a hill giant
   253 | D        | Reached skill level 11 in Fighting
   253 | D        | Reached skill level 10 in Armour
   253 | D        | Reached skill level 10 in Shields
   253 | D        | Reached skill level 1 in Evocations
   253 | D        | Reached XP level 7. HP: 62/74 MP: 5/7
   253 | D        | Killed a hill giant
   253 | D        | Reached skill level 12 in Fighting
   253 | D        | Reached XP level 8. HP: 66/83 MP: 5/8
   259 | D        | Killed a centaur warrior
   259 | D        | Reached skill level 5 in Dodging
   259 | D        | Reached skill level 1 in Stealth
   261 | D        | Reached * piety under Zin
   265 | D        | Reached skill level 13 in Fighting
   265 | D        | Reached XP level 9. HP: 59/93 MP: 6/10
   269 | D        | Reached skill level 10 in Maces & Flails
   390 | D        | Noticed a spiny frog
   390 | D        | Noticed a spiny frog
   390 | D        | Noticed a black mamba
   390 | D        | Noticed a spiny frog
   392 | D        | Noticed a spiny frog
   400 | D        | Killed a spiny frog
   409 | D        | Killed a spiny frog
   413 | D        | Killed a black mamba
   416 | D        | Killed a spiny frog
   423 | D        | Killed a spiny frog
   429 | D        | Reached skill level 14 in Fighting
   429 | D        | Reached XP level 10. HP: 39/103 MP: 12/12
   668 | D        | Noticed a spiny frog
   689 | D        | Reached skill level 1 in Invocations
   695 | D        | Killed a spiny frog
   972 | D        | Noticed a lindwurm
   978 | D        | Killed a lindwurm
   987 | D        | Reached ** piety under Zin
   988 | D        | Noticed a lindwurm
   996 | D        | Killed a lindwurm
  1010 | D        | Reached *** piety under Zin
  1099 | D        | Noticed Erolcha
  1108 | D        | Killed Erolcha
  1108 | D        | Reached skill level 15 in Fighting
  1108 | D        | Reached skill level 10 in Dodging
  1108 | D        | Reached skill level 5 in Invocations
  1291 | D        | Noticed an orc knight
  1303 | D        | Killed an orc knight
  1314 | D        | Reached XP level 11. HP: 104/112 MP: 14/14
  1329 | D        | Reached **** piety under Zin
  1329 | D        | Reached ***** piety under Zin
  1329 | D        | Reached ****** piety under Zin
  1391 | D        | Noticed an orc knight
  1409 | D        | Killed an orc knight
  1412 | D        | Noticed an orc knight
  1435 | D        | Killed an orc knight
  1566 | D        | Found Jiymme's Weapon Emporium.
  1566 | D        | Noticed an ogre mage
  1566 | D        | Noticed a hill giant
  1568 | D        | Noticed an ogre mage
  1586 | D        | Killed a hill giant
  1586 | D        | Reached skill level 15 in Maces & Flails
  1602 | D        | Killed an ogre mage
  1604 | D        | Found Vaomiwn's Assorted Antiques.
  1606 | D        | Found Viteattoxo's General Store.
  1606 | D        | Noticed an ogre mage
  1609 | D        | Noticed a deep troll
  1611 | D        | Noticed a deep troll
  1612 | D        | Killed an ogre mage
  1616 | D        | Found Huiho's Antique Weapon Shoppe.
  1618 | D        | Noticed an ogre mage
  1621 | D        | Killed an ogre mage
  1624 | D        | Noticed an ogre mage
  1624 | D        | Killed a deep troll
  1627 | D        | Killed a deep troll
  1627 | D        | Reached skill level 16 in Maces & Flails
  1627 | D        | Reached skill level 10 in Invocations
  1632 | D        | Killed an ogre mage
  1641 | D        | Killed an ogre mage
  1641 | D        | Reached skill level 15 in Shields
  1685 | D        | Bought a scroll of fog for 20 gold pieces
  1685 | D        | Bought a scroll of identify for 20 gold pieces
  1685 | D        | Bought a potion of might for 40 gold pieces
  1685 | D        | Bought a scroll of blinking for 75 gold pieces
  1973 | D        | Noticed Grum
  1985 | D        | Killed Grum
  2207 | D        | Noticed a centaur warrior
  2217 | D        | Reached XP level 12. HP: 122/122 MP: 19/19
  2222 | D        | Noticed an ice dragon
  2229 | D        | Noticed a fire giant
  2234 | D        | Noticed a spark wasp
  2237 | D        | Killed a centaur warrior
  2237 | D        | Reached skill level 17 in Maces & Flails
  2243 | D        | Noticed an ettin
  2244 | D        | Noticed a deep troll shaman
  2263 | D        | Killed an ice dragon
  2274 | D        | Killed a fire giant
  2274 | D        | Reached skill level 18 in Maces & Flails
  2616 | D        | Killed a spark wasp
  2616 | D        | Killed a deep troll shaman
  2630 | D        | Killed an ettin
  2864 | D        | Noticed Frances
  2879 | D        | Killed Frances
  2912 | D        | Noticed a naga warrior
  2912 | D        | Noticed an anaconda
  2913 | D        | Noticed a greater naga
  2922 | D        | Killed a naga warrior
  2922 | D        | Reached skill level 19 in Maces & Flails
  2922 | D        | Reached skill level 15 in Armour
  2928 | D        | Killed an anaconda
  2941 | D        | Killed a greater naga
  2957 | D        | Reached XP level 13. HP: 59/132 MP: 21/21
  3286 | D        | Reached skill level 20 in Maces & Flails
  3604 | D        | Noticed a merfolk javelineer
  3604 | D        | Noticed a merfolk javelineer
  3606 | D        | Noticed a merfolk impaler
  3625 | D        | Killed a merfolk javelineer
  3649 | D        | Killed a merfolk javelineer
  3649 | D        | Reached skill level 21 in Maces & Flails
  3665 | D        | Killed a merfolk impaler
  3967 | D        | Noticed Aizul
  3987 | D        | Killed Aizul
  4230 | D        | Noticed a fire dragon
  4230 | D        | Noticed an ettin
  4230 | D        | Noticed a frost giant
  4230 | D        | Noticed a stone giant
  4230 | D        | Noticed a brown very ugly thing
  4239 | D        | Killed a frost giant
  4242 | D        | Killed a stone giant
  4243 | D        | Killed a fire dragon
  4243 | D        | Reached skill level 15 in Invocations
  4244 | D        | Noticed a cyan very ugly thing
  4246 | D        | Noticed an ettin
  4248 | D        | Killed an ettin
  4251 | D        | Noticed a stone giant
  4255 | D        | Killed an ettin
  4255 | D        | Reached skill level 22 in Maces & Flails
  4256 | D        | Killed a cyan very ugly thing
  4337 | D        | Killed a brown very ugly thing
  4663 | D        | Killed a stone giant
  4663 | D        | Reached XP level 14. HP: 139/143 MP: 24/24
  4723 | D        | Noticed a green very ugly thing
  4734 | D        | Killed a green very ugly thing
  4736 | D        | Noticed a stone giant
  4752 | D        | Killed a stone giant
  4781 | D        | Noticed a vault warden
  4787 | D        | Reached skill level 23 in Maces & Flails
  4788 | D        | Noticed a vault warden
  4805 | D        | Killed a vault warden
  4811 | D        | Noticed a stone giant
  4812 | D        | Killed a vault warden
  4835 | D        | Killed a stone giant
  4841 | D        | Reached skill level 24 in Maces & Flails
  5031 | D        | Noticed a salamander stormcaller
  5032 | D        | Noticed an ironheart preserver
  5057 | D        | Killed a salamander stormcaller
  5063 | D        | Killed an ironheart preserver
  5270 | D        | Noticed Margery
  5292 | D        | Killed Margery
  5292 | D        | Reached skill level 25 in Maces & Flails
  5737 | D        | Noticed Ilsuiw
  5771 | D        | Killed Ilsuiw
  5776 | D        | Reached skill level 26 in Maces & Flails
  5794 | D        | Reached XP level 15. HP: 56/154 MP: 26/26
  5932 | D        | Noticed a greater naga
  5932 | D        | Noticed a greater naga
  5932 | D        | Noticed a greater naga
  5933 | D        | Noticed a greater naga
  5939 | D        | Killed a greater naga
  5948 | D        | Noticed a greater naga
  5954 | D        | Killed a greater naga
  5957 | D        | Killed a greater naga
  5961 | D        | Killed a greater naga
  5961 | D        | Reached skill level 27 in Maces & Flails
  5970 | D        | Killed a greater naga
  5999 | D        | Got a serpentine rune of Zot
  6061 | D        | Got a decaying rune of Zot
  6096 | D        | Killed a ghost moth
  6123 | D        | Killed a ghost moth
  6161 | D        | Got a gossamer rune of Zot
  6561 | D        | Noticed Nikola
  6576 | D        | Killed Nikola
  6632 | D        | Reached XP level 16. HP: 125/169 MP: 29/29
  6899 | D        | Noticed a shadow dragon
  6917 | D        | Killed a shadow dragon
  6936 | D        | Noticed a shadow dragon
  6951 | D        | Killed a shadow dragon
  7069 | D        | Noticed a shadow dragon
  7069 | D        | Noticed a lich
  7069 | D        | Noticed a shadow dragon
  7072 | D        | Noticed a shadow dragon
  7079 | D        | Noticed a shadow dragon
  7084 | D        | Killed a shadow dragon
  7094 | D        | Killed a lich
  7105 | D        | Killed a shadow dragon
  7114 | D        | Killed a shadow dragon
  7126 | D        | Killed a shadow dragon
  7135 | D        | Got a silver rune of Zot
  7151 | D        | Noticed Frederick
  7172 | D        | Killed Frederick
  7197 | D        | Noticed Norris
  7198 | D        | Noticed Mara
  7209 | D        | Noticed smeego's illusion
  7213 | D        | Killed Norris
  7283 | D        | Noticed smeego's illusion
  7295 | D        | Mangled by smeego's illusion

Vault maps used:
D:        linesprint

Action                   |  1- 3 |  4- 6 |  7- 9 | 10-12 | 13-15 | 16-18 || total
-------------------------+-------+-------+-------+-------+-------+-------++-------
Melee: Flail             |    25 |     1 |       |       |       |       ||    26
       Morningstar       |       |    16 |    51 |   340 |   654 |   301 ||  1362
Invok: Recite            |       |       |       |     8 |    13 |     7 ||    28
       Vitalisation      |       |       |       |     3 |     7 |     4 ||    14
       Sanctuary         |       |       |       |     1 |     2 |     1 ||     4
       Imprison          |       |       |       |       |       |     1 ||     1
Evoke: Wand              |       |     6 |     3 |     1 |     7 |       ||    17
  Use: Potion            |     1 |     1 |     2 |     6 |     7 |     1 ||    18
       Scroll            |       |     1 |     1 |     1 |     4 |     1 ||     8
 Stab: Confused          |       |       |       |     7 |    16 |     6 ||    29
       Invisible         |       |       |       |     1 |       |       ||     1
       Paralysed         |       |       |       |       |       |     1 ||     1
  Eat: Bread ration      |       |       |       |     1 |     2 |     1 ||     4
       Chunk             |       |       |       |     1 |       |       ||     1
       Meat ration       |       |       |       |     1 |     1 |       ||     2
